 Dungeon Crawl Stone Soup version 0.31-a0-675-g238779eb0a (webtiles) character file.

Game seed: 16118307663520430261

9 Essalna the Conjurer (level 2, 20/20 HPs)
             Began as a Demonspawn Conjurer on Sept 5, 2023.
             Got out of the dungeon alive.
             The game lasted 00:00:52 (425 turns).

Essalna the Conjurer (Demonspawn Conjurer)           Turns: 425, Time: 00:00:53

Health: 20/20      AC:  2    Str:  7    XL:     2   Next: 3%
Magic:  5/5        EV: 12    Int: 19    God:
Gold:   1          SH:  0    Dex: 11    Spells: 4/5 levels left

rFire   . . .        c - +0 short sword
rCold   . . .        (no shield)
rNeg    . . .        a - +0 robe
rPois   .            (no helmet)
rElec   .            (no cloak)
rCorr   .            (no gloves)
SInv    .            (no boots)
Will    .....        (no amulet)
Stlth   ++           (no ring)
HPRegen 0.23/turn    (no ring)
MPRegen 0.09/turn

%: no passive effects
@: no status effects
A: claws 1
a: no special abilities


You escaped.
You visited 1 branch of the dungeon, and saw 1 of its levels.

You collected 1 gold pieces.

Inventory:

Hand Weapons
 c - a +0 short sword (weapon)
Armour
 a - a +0 robe (worn)
 f - a +0 buckler
 g - a +0 helmet
Scrolls
 d - 2 scrolls of identify {unknown}
Potions
 b - a potion of magic
 e - a potion of brilliance {unknown}


   Skills:
 + Level 0.8 Fighting
 - Level 1.7 Dodging
 - Level 1.7 Stealth
 + Level 2.2 Spellcasting
 + Level 4.1 Conjurations


You had 4 spell levels left.
You knew the following spells:

 Your Spells              Type           Power      Damage    Failure   Level
a - Magic Dart            Conj           68%        1d6       3%          1

Your spell library contained the following spells:

 Spells                   Type           Power      Damage    Failure   Level
 Searing Ray              Conj           34%        2d5       4%          2
 Momentum Strike          Conj/Tloc      20%        3d8       11%         2
 Dazzling Flash           Conj/Hex       20%        N/A       22%         3
 Blink                    Tloc           4%         N/A       26%         2
 Lesser Beckoning         Tloc           4%         N/A       26%         2
 Fulminant Prism          Conj/Hex       5%         3d7       56%         4
 Iskenderun's Mystic Bla  Conj/Tloc      10%        2d4       56%         4


Dungeon Overview and Level Annotations

Branches:
Dungeon (1/15)

Altars:

Shops:
D:1 [


Innate Abilities, Weirdness & Mutations

You have sharp fingernails.


Message History

A bat is nearby!
The magic dart hits the bat but does no damage.
The magic dart hits the bat.
The bat is severely wounded.
The magic dart hits the bat.
You kill the bat!
You are out of magic!
e - a dark potion
Found a buckler.
Found Goawiwi's Armour Emporium.
d - 2 scrolls labelled GIHO XEV VOXUI (gained 1)
A rat comes into view.
You see here a gold piece.
The magic dart hits the rat.
The rat is severely wounded.
The magic dart hits the rat.
You kill the rat!
You can't see any susceptible monsters within range! (Use Z to cast anyway.)
You can't see any susceptible monsters within range! (Use Z to cast anyway.)
You now have 1 gold piece.
There is an entrance to Goawiwi's Armour Emporium here.
You see here a +0 buckler.
f - a +0 buckler
Found a helmet.
You open the door.
There is an open door here.
A goblin comes into view. It is wielding a +0 dagger.
The goblin shouts!
The magic dart hits the goblin.
The goblin is severely wounded.
The magic dart hits the goblin.
You kill the goblin!
You have reached level 2!
Your demonic ancestry asserts itself...
Your fingernails lengthen.
You see here a rat corpse.
Found a stone staircase leading down.
You see here a +0 helmet.
g - a +0 helmet
There is a staircase leading out of the dungeon here.
You have escaped!

## ### ....... #.###.#
#.รท.... #.....# #..#.#.
###.#.#.### #...#.
#.........# #..#.
#.#.#.#.#.##### #..#. ..
#.#.......####[...
#.#.###.###.#.#.........
#......@......#.........
#.#.###.###.#.#.......##
. #.#.............#
#.#.#.###.........
......# #......... #.#
### #......... ....
########.. .### #..


There were no monsters in sight!

Vanquished Creatures
  A ball python (D:1)
  2 bats (D:1)
  An endoplasm (D:1)
  A goblin (D:1)
  A kobold (D:1)
  3 rats (D:1)
9 creatures vanquished.

Notes
Turn   | Place    | Note
-------+----------+-------------------------------------------
     0 | D:1      | Essalna the Demonspawn Conjurer began the quest for the
                  | Orb.
     0 | D:1      | Reached XP level 1. HP: 13/13 MP: 3/3
   287 | D:1      | Found Goawiwi's Armour Emporium.
   355 | D:1      | Gained mutation: You have sharp fingernails. [demonic
                  | ancestry]
   355 | D:1      | Reached XP level 2. HP: 20/20 MP: 1/5
   425 | D:$      | Got out of the dungeon alive.

Illustrated notes

Levels and vault maps discovered:
D:1:      roderic_chinese_lattice_arrival, layout_basic, serial_shops, shop

Action                     || total
---------------------------++-------
  Melee: Short sword       ||     1
   Cast: Magic Dart        ||    17
 Armour: Robe              ||     1

Table legend: (Time is in decaauts)
 A = Elapsed time spent in this place.
 B = Non-inter-level travel time spent in this place.
 C = Inter-level travel time spent in this place.
 D = Time resting spent in this place.
 E = Time spent auto-exploring this place.
 F = Levels seen in this place.
 G = Mean time per level.
                   A        B        C        D        E       F      G
               +--------+--------+--------+--------+--------+-----+--------+
         Total |    424 |    381 |     43 |      0 |    294 |   1 |  424.0 |
       Dungeon |    424 |    381 |     43 |      0 |    294 |   1 |  424.0 |
               +--------+--------+--------+--------+--------+-----+--------+

Top non-repeatable levels by time:
     D:1: 424 daAuts
